 Dungeon Crawl Stone Soup version 0.31-a0-1591-g515db51633 (webtiles) character file.

Game seed: 8568681083455610602

1906 CougarLife the Cleaver (level 8, -6/66 (77) HPs)
             Began as a Minotaur Fighter on Jan 6, 2024.
             Mangled by Jeremiah
             ... wielding a +3 trident of draining
              (9 damage)
             ... on level 6 of the Dungeon on Jan 7, 2024.
             The game lasted 00:07:10 (4880 turns).

CougarLife the Cleaver (Minotaur Fighter)           Turns: 4880, Time: 00:07:11

HP:   -6/66 (77)    AC:  8    Str: 22    XL:     8   Next: 94%
MP:   7/7           EV:  8    Int:  5    God:
Gold: 294           SH:  8    Dex: 11    Spells: 7/7 levels left

rFire   . . .        a - +0 war axe
rCold   . . .        E - +0 kite shield
rNeg    + . .        b - +0 scale mail
rPois   .            (helmet restricted)
rElec   .            (no cloak)
rCorr   .            F - +0 pair of gloves
SInv    .            (no boots)
Will    .....        (no amulet) Stlth
                     f - ring of positive energy
HPRegen 0.31/turn    o - +4 ring of slaying
MPRegen 0.10/turn

%: no passive effects
@: heavily drained
A: horns 2, retaliatory headbutt
a: no special abilities


You were on level 6 of the Dungeon.
You visited 2 branches of the dungeon, and saw 7 of its levels.

You collected 294 gold pieces.

Inventory:

Hand Weapons
 a - a +0 war axe (weapon)
Missiles
 c - 5 javelins
 n - 6 poisoned darts
 D - 4 boomerangs (quivered)
Armour
 b - a +0 scale mail (worn)
 E - a +0 kite shield (worn)
 F - a +0 pair of gloves (worn)
Jewellery
 f - a ring of positive energy (left hand)
 o - a +4 ring of slaying (right hand)
Wands
 x - a wand of light (10)
Scrolls
 e - 2 scrolls of poison {unknown}
 h - 2 scrolls of silence {unknown}
 j - a scroll of immolation {unknown}
 l - 8 scrolls of identify {unknown}
 q - 2 scrolls of enchant weapon {unknown}
 r - a scroll of vulnerability {unknown}
 s - 2 scrolls of amnesia {unknown}
 v - a scroll of fog {unknown}
 w - a scroll of enchant armour {unknown}
 y - 4 scrolls of teleportation {unknown}
 A - 2 scrolls of brand weapon {unknown}
 G - a scroll of noise {unknown}
Potions
 d - a potion of might
 g - a potion of ambrosia {unknown}
 i - a potion of curing {unknown}
 k - a potion of attraction {unknown}
 m - a potion of degeneration {unknown}
 p - a potion of haste {unknown}
 t - a potion of lignification {unknown}
 u - 4 potions of heal wounds {unknown}
 z - a potion of enlightenment {unknown}
 B - a potion of brilliance {unknown}
 C - a potion of mutation {unknown}


   Skills:
 + Level 8.8 Fighting
 * Level 11.3 Axes
 - Level 4.0 Armour
 - Level 4.0 Shields


You had 7 spell levels left.
You didn't know any spells.
Your spell library contained the following spells:

 Spells                   Type           Power      Damage    Failure   Level
 Freeze                   Ice            0%         1d3       97%         1
 Frozen Ramparts          Ice            0%         1d1       100%        3
 Hailstorm                Conj/Ice       0%         3d5       100%        3


Dungeon Overview and Level Annotations

Branches:
Dungeon (6/15)             Temple (1/1) D:5

Altars:
Ashenzari
Cheibriados
Elyvilon
Fedhas
Gozag
Qazlal
Ru
Sif Muna
Trog
Wu Jian
Xom
Zin
The Shining One

Shops:
D:1 =

Annotations:
D:6 Jeremiah


Innate Abilities, Weirdness & Mutations

You have a pair of horns on your head.
You reflexively headbutt those who attack you in melee.


Message History

Something smites you!
* * * LOW HITPOINT WARNING * * *
You barely miss the butterfly. Your headbutt misses the butterfly.
The butterfly disappears in a burst of colours!
You block Jeremiah's attack.
The butterfly disappears in a burst of colours!
Jeremiah hops!
Jeremiah hits you but does no damage. You partially resist.
You barely miss Jeremiah. You miss the butterfly.
The butterfly disappears in a burst of colours!
You block Jeremiah's attack.
Jeremiah mumbles a slurred invocation.
Something smites you!
* * * LOW HITPOINT WARNING * * *
You slash Jeremiah!
Jeremiah is moderately wounded.
You slash the butterfly!
You kill the butterfly!
The butterfly disappears in a burst of colours!
You slash the butterfly!
You kill the butterfly!
The butterfly disappears in a burst of colours!
Jeremiah closely misses you.
You slash Jeremiah!
Jeremiah is heavily wounded.
You completely miss the butterfly. You miss the butterfly.
You slash the butterfly!
You kill the butterfly!
The butterfly disappears in a burst of colours!
Jeremiah hits you with a +3 trident of draining.
* * * LOW HITPOINT WARNING * * *
You partially resist.
You feel drained.
You barely miss Jeremiah.
Jeremiah is heavily wounded.
You barely miss the butterfly. x2
The butterfly disappears in a burst of colours!
Jeremiah says, "Oh, this is an awfully strange dream."
Jeremiah hits you with a +3 trident of draining!
You die...
Jeremiah asks, "Is it over?
Can I wake up now?"

#.# #............#
#.# #............#
#.####....†.......#
#........._........
#.####............#
.##.####b#
#............#
F.....bbb#
##############
#)##.###bF########
#
.....>.bbb@..b....
#
...#.#.##.###.....
# #. #.# .!. #. #b#
. #. #.# .. #.# ..
#.# .. +b# ###


You could see Jeremiah.

Vanquished Creatures
  Sigmund (D:3)
  A water moccasin (D:6)
  2 ice beasts (D:6)
  A centaur (D:6)
  2 ogres
  2 phantoms
  A gnoll sergeant (D:5)
  A scorpion (D:6)
  4 wights (D:6)
  2 bombardier beetles
  A jelly (D:6)
  A gnoll bouda (D:3)
  An orc priest (D:4)
  6 hounds
  An iguana (D:6)
  7 orc wizards
  4 adders
  8 gnolls
  3 ribbon worms
  7 orcs
  9 endoplasms
  A giant cockroach (D:2)
  6 goblins
  4 hobgoblins
  2 jackals (D:1)
  A quokka (D:3)
  8 ball pythons
  6 bats
  3 frilled lizards
  7 kobolds
  10 rats
113 creatures vanquished.

Notes
Turn   | Place    | Note
-------+----------+-------------------------------------------
     0 | D:1      | CougarLife the Minotaur Fighter began the quest for the
                  | Orb.
     0 | D:1      | Reached XP level 1. HP: 19/19 MP: 0/0
     1 | D:1      | Noticed an electric eel
   160 | D:1      | Reached XP level 2. HP: 26/26 MP: 1/1
   352 | D:1      | Reached skill level 3 in Axes
   404 | D:1      | Found Wiolesar's Jewellery Shoppe.
   506 | D:1      | You fall into a shaft and drop 1 floor!
   747 | D:1      | Reached XP level 3. HP: 26/33 MP: 2/2
  1396 | D:3      | Reached skill level 4 in Axes
  1396 | D:3      | Reached XP level 4. HP: 38/41 MP: 3/3
  1856 | D:3      | Noticed Sigmund
  1875 | D:3      | Killed Sigmund
  1876 | D:3      | Reached skill level 5 in Fighting
  1876 | D:3      | Reached skill level 6 in Axes
  1876 | D:3      | Reached XP level 5. HP: 14/48 MP: 4/4
  1876 | D:3      | Reached XP level 6. HP: 16/56 MP: 5/5
  2049 | D:3      | Found a bloodstained altar of Trog.
  2335 | D:4      | Found a stormy altar of Qazlal.
  2336 | D:4      | Found a shimmering altar of Xom.
  2479 | D:3      | Reached skill level 7 in Axes
  2564 | D:4      | Found a white marble altar of Elyvilon.
  2790 | D:4      | Reached XP level 7. HP: 57/63 MP: 6/6
  2936 | D:4      | Found a glowing golden altar of the Shining One.
  3016 | D:4      | Found a shimmering blue altar of Sif Muna.
  3112 | D:5      | Entered Level 5 of the Dungeon
  3152 | D:5      | Found a staircase to the Ecumenical Temple.
  3185 | Temple   | Entered the Ecumenical Temple
  3218 | D:5      | Reached skill level 8 in Axes
  3718 | D:5      | Reached skill level 9 in Axes
  3864 | D:5      | Reached XP level 8. HP: 69/73 MP: 7/7
  4357 | D:6      | Reached skill level 10 in Axes
  4660 | D:6      | Reached skill level 11 in Axes
  4770 | D:6      | Found an opulent altar of Gozag.
  4822 | D:6      | Noticed Jeremiah
  4879 | D:6      | HP: 3/67 [Jeremiah/+3 trident of draining (6)]
  4880 | D:6      | Mangled by Jeremiah

Illustrated notes

Levels and vault maps discovered:
D:1:      arrival_aquarium_a, layout_basic, serial_shops,
          nicolae_shop_hallway_stairs, corner_web_ring
D:2:      layout_rooms
D:3:      layout_rooms, trog_book, uniq_sigmund
D:4:      layout_gridville, lemuel_crystal_altar, mainiacjoe_overflow_alcove_2,
          gammafunk_temple_overflow_forgotten
D:5:      layout_loops_corners, minmay_temple_entry_antechambers
D:6:      layout_basic, nicolae_gozag_seed_capital, makhleb_heckhound_becter,
          minmay_between, uniq_jeremiah, uniq_edmund
Temple:   nicolae_temple_ecumenical_triangle

Skill      XL: |  1  2  3  4  5  6  7  8 |
---------------+-------------------------+-----
Armour         | 4 |  4.0
Shields        | 4 |  4.0
Axes           | 3 4 6 7 9 11 | 11.3
Fighting       | 4 5 6 7 8 |  8.8

Action                     |  1- 3 |  4- 6 |  7- 9 || total
---------------------------+-------+-------+-------++-------
  Melee: War axe           |    82 |    59 |   128 ||   269
         Headbutt          |     7 |    12 |    18 ||    37
  Throw: Dart              |       |     2 |       ||     2
         Boomerang         |       |       |     7 ||     7
 Armour: Scale mail        |    52 |    59 |    88 ||   199
  Dodge: Dodged            |    41 |    38 |    42 ||   121
  Block: Buckler           |    19 |    18 |    15 ||    52
         Kite shield       |       |       |    25 ||    25

Table legend: (Time is in decaauts)
 A = Elapsed time spent in this place.
 B = Non-inter-level travel time spent in this place.
 C = Inter-level travel time spent in this place.
 D = Time resting spent in this place.
 E = Time spent auto-exploring this place.
 F = Levels seen in this place.
 G = Mean time per level.
                   A        B        C        D        E       F      G
               +--------+--------+--------+--------+--------+-----+--------+
         Total |   4945 |   4582 |    363 |    413 |   3312 |   7 |  706.4 |
       Dungeon |   4914 |   4557 |    357 |    413 |   3312 |   6 |  819.0 |
        Temple |     31 |     25 |      6 |      0 |      0 |   1 |   31.0 |
               +--------+--------+--------+--------+--------+-----+--------+

Top non-repeatable levels by time:
     D:5: 1174 daAuts
     D:3: 934 daAuts
     D:4: 893 daAuts
     D:1: 832 daAuts
     D:6: 576 daAuts
     D:2: 501 daAuts
  Temple: 31 daAuts
